 Dungeon Crawl Stone Soup version 0.21-a0-401-g0b6bec4 (webtiles) character file.

16 scotchgp the Digger (level 2, -5/20 HPs)
             Began as a Gnoll Wanderer on Oct 24, 2017.
             Slain by Sigmund
             ... wielding a +0 scythe
              (15 damage)
             ... on level 2 of the Dungeon.
             The game lasted 00:02:47 (2562 turns).

scotchgp the Digger (Gnoll Wanderer)                Turns: 2562, Time: 00:02:48

Health: -5/20      AC:  2    Str: 15    XL:     2   Next: 58%
Magic:  5/5        EV: 11    Int: 13    God:
Gold:   66         SH:  0    Dex: 14    Spells: 0/1 levels left

rFire    + . .     SeeInvis .   h - +0 hand axe
rCold    + . .     Gourm    .   (no shield)
rNeg     . . .     Faith    .   d - +0 robe
rPois    +         Spirit   .   (no helmet)
rElec    +         Reflect  .   (no cloak)
rCorr    +         Harm     .   (no gloves)
MR       .....                  (no boots)
Stlth    +.........             (no amulet)
HPRegen  0.06/turn              (no ring)
MPRegen  0.09/turn              (no ring)

@: confused, resistant
A: distributed training, fangs 1, strong nose
a: no special abilities


You were on level 2 of the Dungeon.
You were not hungry.

You visited 1 branch of the dungeon, and saw 2 of its levels.

You collected 66 gold pieces.

Inventory:

Hand Weapons
 e - a +0 club
 h - a +0 hand axe (weapon)
Missiles
 q - 20 stones (quivered)
Armour
 d - a +0 robe (worn)
Wands
 c - a wand of random effects (15/48)
Scrolls
 g - 2 scrolls of teleportation {unknown}
 j - a scroll of amnesia {unknown}
 m - 2 scrolls of identify {unknown}
Potions
 l - a potion of degeneration {unknown}
 n - a potion of curing {unknown}
 p - a potion of heal wounds {unknown}
Books
 a - a book of Geomancy

   Spells                             Type                      Level
   a - Sandblast                      Earth                        1
   b - Passwall                       Transmutation/Earth          2
   c - Stone Arrow                    Conjuration/Earth            3
   d - Petrify                        Transmutation/Earth          4
   e - Lee's Rapid Deconstruction     Earth                        5
 b - the Almanac of the Escort

   Spells                             Type                      Level
   a - Summon Small Mammal            Summoning                    1
   b - Recall                         Summoning/Translocation      3
Comestibles
 f - a bread ration
 i - 2 fruits
 o - a chunk of flesh


   Skills:
 + Level 0.4 Fighting
 + Level 0.4 Short Blades
 + Level 0.4 Long Blades
 + Level 4.5 Axes
 + Level 0.4 Maces & Flails
 + Level 0.4 Polearms
 + Level 0.4 Staves
 + Level 0.4 Slings
 + Level 0.4 Bows
 + Level 0.4 Crossbows
 + Level 0.4 Throwing
 + Level 2.5 Armour
 + Level 0.4 Dodging
 + Level 0.4 Stealth
 + Level 0.4 Shields
 + Level 0.4 Unarmed Combat
 + Level 0.4 Spellcasting
 + Level 0.2 Conjurations
 + Level 0.2 Hexes
 + Level 0.2 Charms
 + Level 0.2 Summonings
 + Level 0.2 Necromancy
 + Level 0.2 Translocations
 + Level 0.2 Transmutations
 + Level 2.0 Fire Magic
 + Level 0.2 Ice Magic
 + Level 0.2 Air Magic
 + Level 7.0 Earth Magic
 + Level 0.2 Poison Magic
 + Level 0.5 Invocations
 + Level 4.5 Evocations


You couldn't memorise any spells.
You knew the following spells:

 Your Spells              Type           Power        Failure   Level  Hunger
a - Sandblast             Erth           ###...       1%          1    ##.....


Dungeon Overview and Level Annotations

Branches:
Dungeon (2/15)

Altars:

Annotations:
D:2 Sigmund


Innate Abilities, Weirdness & Mutations

Your experience applies equally to all skills.
You have very sharp teeth.
Your uncanny sense of smell can sniff out nearby items.


Message History

Sigmund shouts!
Sigmund casts a spell.
Sigmund flickers and vanishes!
Deactivating autopickup; reactivate with Ctrl-A.
There are no items here.
You see here 20 stones.
q - 20 stones You are confused.
You're too confused to move!
You bump into the rock wall.
Unknown command.
Something hits you!
Ouch! That really hurt!
You hear some strange, mumbled words.
You are more confused.
It was a potion of resistance.
You feel protected. Something hits you!
Ouch! That really hurt!
You die...

....... # ...... #
.... ### ...
..######### #.#
#.........## #†##
#########.>####..###
# # ##.........#§# #
#######@.{§§# ##
#..§§§≈# .#
#..#......# .#
#..#......# .# ..
#..#......# .# ...
...#......# .# ....
###.#......# .#
##...# #...####..
.##...#..


There were no monsters in sight!

Vanquished Creatures
  3 giant cockroaches
  2 goblins
  2 hobgoblins
  A quokka (D:2)
  A ball python (D:1)
  A bat (D:1)
  3 kobolds
  3 rats
16 creatures vanquished.

Notes
Turn   | Place    | Note
-------+----------+-------------------------------------------
     0 | D:1      | scotchgp the Gnoll Wanderer began the quest for the Orb.
     0 | D:1      | scotchgp set off with: a book of Geomancy, the Almanac of the Escort, a wand of random effects (15/48), a +0 robe, a +0 club, a bread ration
     0 | D:1      | Reached XP level 1. HP: 13/13 MP: 3/3
     0 | D:1      | Identified the Almanac of the Escort
   936 | D:1      | Reached XP level 2. HP: 11/19 MP: 5/5
  1109 | D:1      | Learned a level 1 spell: Sandblast
  2552 | D:2      | Noticed Sigmund
  2562 | D:2      | Slain by Sigmund

Vault maps used:
D:1:      dpeg_arrival_windows_large_door, serial_forest,
          infiniplex_forest_clump_curved, infiniplex_forest_lined_2,
          infiniplex_forest_straight_5, infiniplex_forest_lined_room_,
          infiniplex_forest_fountain, infiniplex_forest_zigzag_2,
          minmay_misc_feat_rows
D:2:      lightli_temple_of_fire, minmay_misc_feat_columns, elyvilon_altar_1,
          uniq_sigmund

Skill      XL: |  1 |
---------------+----+-----
Fire Magic     | 2 |  2.0
Fighting       | |  0.4
Short Blades   | |  0.4
Long Blades    | |  0.4
Axes           | |  4.5
Maces & Flails | |  0.4
Polearms       | |  0.4
Staves         | |  0.4
Slings         | |  0.4
Bows           | |  0.4
Crossbows      | |  0.4
Throwing       | |  0.4
Armour         | |  2.5
Dodging        | |  0.4
Stealth        | |  0.4
Shields        | |  0.4
Unarmed Combat | |  0.4
Spellcasting   | |  0.4
Conjurations   | |  0.2
Hexes          | |  0.2
Charms         | |  0.2
Summonings     | |  0.2
Necromancy     | |  0.2
Translocations | |  0.2
Transmutations | |  0.2
Ice Magic      | |  0.2
Air Magic      | |  0.2
Earth Magic    | |  7.0
Poison Magic   | |  0.2
Invocations    | |  0.5
Evocations     | |  4.5

Action                   || total
-------------------------++-------
Melee: Hand axe          ||    33
       Club              ||    10
       Bite              ||     2
  Use: Potion            ||     1
 Stab: Sleeping          ||     1
  Eat: Chunk             ||     5
Armor: Robe              ||    10
Dodge: Dodged            ||    28

Table legend:
 A = Spawn XP
 B = Non-spawn XP
 C = Spawn XP percentage of total XP
 D = Spawn monster count
 E = Non-spawn monster count
 F = Spawn count percentage of total count
 G = Total turns spent on level
                    A         B        C        D         E        F      G
               +---------+---------+-------+---------+---------+-------+---------
         Total |       0 |      24 |   0.0 |       0 |      16 |   0.0 |  2562
               +---------+---------+-------+---------+---------+-------+---------
           D:1 |       0 |      14 |   0.0 |       0 |      10 |   0.0 |  2003
           D:2 |       0 |      10 |   0.0 |       0 |       6 |   0.0 |   559
               +---------+---------+-------+---------+---------+-------+---------
